 Dungeon Crawl Stone Soup version 0.22.1-2-g9c5b331383 (webtiles) character file.

291 Descartes the Insei (level 6, -3/30 HPs)
             Began as a Vine Stalker Transmuter on Dec 27, 2018.
             Was a Believer of Vehumet.
             Slain by Edmund
             ... wielding a +6 dire flail of protection
              (7 damage)
             ... on level 4 of the Dungeon.
             The game lasted 00:14:34 (3513 turns).

Descartes the Insei (Vine Stalker Transmuter)       Turns: 3513, Time: 00:14:34

Health: -3/30      AC:  5    Str: 13    XL:     6   Next: 32%
Magic:  0/11       EV: 12    Int: 15    God:    Vehumet [**....]
Gold:   174        SH:  4    Dex: 14    Spells: 1/10 levels left

rFire    . . .     SeeInvis .     - Unarmed
rCold    . . .     Gourm    .   s - +0 buckler
rNeg     + . .     Faith    .   g - +0 leather armour
rPois    +         Spirit   +   (no helmet)
rElec    .         Reflect  .   u - +1 cloak {rPois}
rCorr    .         Harm     .   (no gloves)
MR       .....                  (boots currently unavailable)
Stlth    +.........             e - amulet of magic regeneration
HPRegen  0.50/turn              w - ring of positive energy
MPRegen  0.37/turn              (no ring)

@: appendage (expiring)
A: fangs 2, talons 3, regeneration 1, magic shield, antimagic bite, no potion
heal 3, rot immunity
a: End Transformation, Renounce Religion


You were on level 4 of the Dungeon.
You worshipped Vehumet.
Vehumet was pleased with you.
You were not hungry.
You had grown temporary talons.
You visited 1 branch of the dungeon, and saw 4 of its levels.

You collected 174 gold pieces.

Inventory:

Hand Weapons
 p - a +1 dagger of draining
 t - a +3 quarterstaff of chaos
Missiles
 a - 40 arrows
 f - 28 bolts
 h - 19 poisoned needles
 n - 20 sling bullets
 o - 84 stones (quivered)
 r - 4 tomahawks
Armour
 b - a +0 robe
 g - a +0 leather armour (worn)
 s - a +0 buckler (worn)
 u - a +1 cloak of poison resistance (worn)
 z - a +0 large shield
Jewellery
 e - an amulet of magic regeneration (around neck)
 w - a ring of positive energy (left hand)
Wands
 x - a wand of iceblast (4)
 y - a wand of acid (7)
Scrolls
 c - 2 scrolls of magic mapping
 i - a scroll of remove curse {unknown}
 j - a scroll of enchant weapon {unknown}
 k - 2 scrolls of fear {unknown}
 l - a scroll of enchant armour {unknown}
 m - 2 scrolls of amnesia {unknown}
 v - 3 scrolls of teleportation {unknown}
Potions
 q - a potion of brilliance
 A - a potion of might {unknown}
Comestibles
 d - 6 rations


   Skills:
 + Level 1.4 Fighting
 + Level 2.5 Dodging
 * Level 2.0 Shields
 + Level 4.5 Unarmed Combat
 + Level 2.7 Spellcasting
 * Level 3.4 Transmutations


You had one spell level left.
You knew the following spells:

 Your Spells              Type           Power        Failure   Level  Hunger
a - Beastly Appendage     Tmut           ##....       9%          1    #......
b - Sticks to Snakes      Tmut           ##......     13%         2    ##.....
c - Freeze                Ice            #...         34%         1    #......
d - Blade Hands           Tmut           ##........   93%         5    ######.

Your spell library contained the following spells:

 Spells                   Type           Power        Failure   Level  Hunger
 Spider Form              Tmut/Pois      #.........   45%         3    ###....
 Ice Form                 Ice/Tmut       #.......     86%         4    #####..


Dungeon Overview and Level Annotations

Branches:
Dungeon (4/15)
 Temple: D:4-7

Altars:
Nemelex Xobeh
Vehumet

Annotations:
D:4 Edmund


Innate Abilities, Weirdness & Mutations

You have extremely sharp teeth.
Your natural rate of healing is unusually fast.
When hurt, damage is shared between your health and your magic reserves.
Your bite disrupts and absorbs the magic of your enemies.
Potions cannot restore your health.
You are immune to rotting.
You have claws for feet.


Message History

You closely miss Edmund. You claw Edmund, but do no damage.
Edmund is lightly wounded.
Edmund hits you with a dire flail of protection.
You hit Edmund but do no damage. Your kick misses Edmund.
Edmund is lightly wounded.
You hit Edmund but do no damage.
Edmund is lightly wounded.
Edmund hits you with a dire flail of protection.
You hit Edmund but do no damage. You claw Edmund. Your bite misses Edmund.
Edmund is lightly wounded.
Your transformation is almost over.
Edmund misses you.
You hit Edmund but do no damage.
Edmund is lightly wounded.
Edmund hits you with a dire flail of protection!
* * * LOW HITPOINT WARNING * * *
You hit Edmund but do no damage. You claw Edmund, but do no damage.
Edmund is lightly wounded.
Edmund hits you with a dire flail of protection!
You die...

#.#..........##.#.....
#.##########.##.#.#### #.#
........##.#..... #.#
#######..##.#.#### ########.# #..
..#...#.#..<.. #........# #.#
#.#.#.#.###### #####.######## #.#
#.#.#.#....... ......# #@#
#.#.#.######## ####### #@#
#.#.#........# #######
####.#.###.#.#.######.# ......
.........<.............> ####.#
#######.#.#.#......####. .###.#
#...#.######.####.
.....###############.#####..#....
..................##.#...#..#.##.
.#...###########...#.#".....#....
.#.#.######## #...#.#...#..#..#.


You could see Edmund.

Vanquished Creatures
  A hound (D:4)
  An orc priest (D:3)
  Crazy Yiuf (D:2)
  A worker ant (D:3)
  A gnoll (D:3)
  5 adders
  An ooze (D:1)
  2 worms (D:2)
  4 dart slugs
  3 leopard geckos (D:3)
  12 orcs
  9 bats
  3 giant cockroaches
  9 goblins
  9 hobgoblins
  6 jackals
  13 kobolds
  2 ball pythons
  3 frilled lizards
  6 rats
92 creatures vanquished.

Notes
Turn   | Place    | Note
-------+----------+-------------------------------------------
     0 | D:1      | Descartes the Vine Stalker Transmuter began the quest for
                  | the Orb.
     0 | D:1      | Reached XP level 1. HP: 9/9 MP: 4/4
   169 | D:1      | Reached XP level 2. HP: 14/14 MP: 6/6
   435 | D:1      | Reached XP level 3. HP: 14/17 MP: 7/7
  1037 | D:2      | Found a radiant altar of Vehumet.
  1075 | D:2      | Became a worshipper of Vehumet
  1798 | D:2      | Reached skill level 4 in Unarmed Combat
  1802 | D:2      | Gained mutation: Your natural rate of healing is unusually
                  | fast. [Vine Stalker growth]
  1802 | D:2      | Reached XP level 4. HP: 12/21 MP: 5/8
  2175 | D:2      | Found a runed door.
  2245 | D:2      | Noticed Crazy Yiuf
  2252 | D:2      | Killed Crazy Yiuf
  2252 | D:2      | Reached skill level 1 in Fighting
  2311 | D:2      | Reached * piety under Vehumet
  2311 | D:2      | Offered knowledge of Flame Tongue by Vehumet.
  2317 | D:2      | Learned a level 2 spell: Sticks to Snakes
  2331 | D:3      | Reached skill level 1 in Shields
  2331 | D:3      | Reached XP level 5. HP: 23/25 MP: 9/9
  2615 | D:3      | Found a sparkling altar of Nemelex Xobeh.
  2811 | D:3      | Reached XP level 6. HP: 22/30 MP: 10/10
  2949 | D:3      | Offered knowledge of Freeze by Vehumet.
  2962 | D:3      | Reached ** piety under Vehumet
  2969 | D:3      | Learned a level 1 spell: Freeze
  2975 | D:3      | Learned a level 5 spell: Blade Hands
  3498 | D:4      | Noticed Edmund
  3513 | D:4      | Slain by Edmund

Skill      XL: |  1  2  3  4  5  6 |
---------------+-------------------+-----
Dodging        | 2 |  2.5
Unarmed Combat | 4 |  4.5
Fighting       | 1 |  1.4
Shields        | 1 2 |  2.0
Transmutations | 3 |  3.4
Spellcasting   | |  2.7

Action                   |  1- 3 |  4- 6 || total
-------------------------+-------+-------++-------
Melee: Unarmed           |   150 |   201 ||   351
       Bite              |    39 |    57 ||    96
       Punch             |     4 |       ||     4
       Headbutt          |     3 |     7 ||    10
       Kick              |       |    17 ||    17
 Cast: Beastly Appendage |     5 |    13 ||    18
  Use: Scroll            |       |     4 ||     4
  Eat: Chunk             |     3 |     6 ||     9
Armor: Robe              |    16 |       ||    16
       Leather armour    |    18 |    46 ||    64
Dodge: Dodged            |    82 |   127 ||   209
Block: Buckler           |       |    25 ||    25
